 Dungeon Crawl Stone Soup version 0.25.1-2-g60ff931df9 (webtiles) character file.

Game seed: 8752473360551366196

175 JarielCorvus the Magician (level 5, 0/28 HPs)
             Began as a Deep Elf Wizard on Aug 27, 2020.
             Killed from afar by an orc wizard (6 damage)
             ... with a magic dart
             ... on level 3 of the Dungeon.
             The game lasted 00:09:25 (3257 turns).

JarielCorvus the Magician (Deep Elf Wizard)         Turns: 3257, Time: 00:09:25

Health: 0/28       AC:  2    Str:  5    XL:     5   Next: 29%
Magic:  1/16       EV: 13    Int: 23    God:
Gold:   99         SH:  0    Dex: 13    Spells: 5/18 levels left

rFire    + . .     SeeInvis .   (no weapon)
rCold    . . .     Gourm    .   (no shield)
rNeg     . . .     Faith    .   a - +0 robe
rPois    .         Spirit   .   b - +0 hat
rElec    .         Reflect  .   (no cloak)
rCorr    .         Harm     .   (no gloves)
MR       .....                  (no boots)
Stlth    ++........             (no amulet)
HPRegen  0.09/turn              k - ring of protection from fire
MPRegen  0.15/turn              (no ring)

@: very slightly contaminated
A: no striking features
a: no special abilities


You were on level 3 of the Dungeon.
You were not hungry.

You visited 1 branch of the dungeon, and saw 4 of its levels.

You collected 99 gold pieces.

Inventory:

Hand Weapons
 o - a +0 whip of draining
Missiles
 p - 8 boomerangs (quivered)
Armour
 a - a +0 robe (worn)
 b - a +0 hat (worn)
Jewellery
 g - a cursed ring of teleportation
 k - a ring of protection from fire (left hand)
 n - an uncursed ring of see invisible {unknown}
Wands
 m - a wand of flame (19)
Scrolls
 c - 3 scrolls of teleportation
 e - 6 scrolls of remove curse
 h - a scroll of identify
 i - 3 scrolls of amnesia
Potions
 j - 4 potions of curing
 l - a potion of heal wounds
 q - a potion of resistance
Comestibles
 d - 7 rations


   Skills:
 - Level 2.4 Dodging
 - Level 2.4 Stealth
 * Level 7.2 Spellcasting
 + Level 3.2 Conjurations
 - Level 1.1 Summonings
 - Level 1.1 Translocations


You had 5 spell levels left.
You knew the following spells:

 Your Spells              Type           Power        Failure   Level  Hunger
a - Magic Dart            Conj           ###.         1%          1    None
b - Call Imp              Summ           ##......     7%          2    None
c - Slow                  Hex            #.......     12%         2    None
d - Conjure Flame         Conj/Fire      ###.....     12%         3    None
e - Mephitic Cloud        Conj/Pois/Air  ##......     14%         3    None
f - Blink                 Tloc           N/A          7%          2    None

Your spell library contained the following spells:

 Spells                   Type           Power        Failure   Level  Hunger


Dungeon Overview and Level Annotations

Branches:
Dungeon (4/15)
 Temple: D:4-7

Altars:
Hepliaklqana
The Shining One


Message History

The orc wizard is severely wounded.
Casting: Magic Dart (safe; 1% risk of failure)
Confirm with . or Enter, or press ? or * to list all spells.
Aiming: Magic Dart (safe; 1% risk of failure)
Press: ? - help, Shift-Dir - straight line, f/p - orc wizard
Aim: an orc wizard, wielding a +0 dagger of electrocution and wearing a +0 robe (severely wounded)
The magic dart hits the orc wizard.
The orc wizard is almost dead.
The orc wizard casts a spell.
The orc wizard flickers and vanishes!
Deactivating autopickup; reactivate with Ctrl-A.
Throwing (i - inventory. (/) - cycle)
f - 2 boomerangs of dispersal (quivered)
Press: ? - help, Shift-Dir - straight line You throw a boomerang of dispersal.
Throwing (i - inventory. (/) - cycle)
f - a boomerang of dispersal (quivered)
Press: ? - help, Shift-Dir - straight line You throw a boomerang of dispersal.
A magic dart appears from out of thin air!
The magic dart hits you.
You die...

######..# #.......#
##.#####.....######
#................##### ####
#............###...... ...##
#.####.......# ######. .>..###
####.#..........# ##
......###......###.....##
......##..............##
........(....{..@...###
....###.##..........#
........##..........# ####
###..#.##...........# ##..##
###.##..#.########### ##....#
....##....## #..#...
###.##.#...######### #.##...
###.#..#.#.........# ####)##...
##..#.##.#########.#####..).##...


There were no monsters in sight!

Vanquished Creatures
  An iguana (D:4)
  5 adders
  2 oozes (D:2)
  5 worms
  2 dart slugs
  7 orcs
  3 bats
  2 giant cockroaches (D:1)
  13 goblins
  5 hobgoblins
  6 jackals
  8 kobolds
  2 quokkas (D:2)
  A ball python (D:1)
  2 frilled lizards
  5 rats
69 creatures vanquished.

Notes
Turn   | Place    | Note
-------+----------+-------------------------------------------
     0 | D:1      | JarielCorvus the Deep Elf Wizard began the quest for the
                  | Orb.
     0 | D:1      | Reached XP level 1. HP: 10/10 MP: 7/7
   214 | D:1      | Found a glowing golden altar of the Shining One.
   443 | D:1      | Reached XP level 2. HP: 15/15 MP: 7/9
   447 | D:1      | Learned a level 2 spell: Call Imp
   450 | D:1      | Learned a level 2 spell: Slow
   487 | D:1      | Reached skill level 5 in Spellcasting
  1092 | D:2      | Reached XP level 3. HP: 19/19 MP: 7/12
  1491 | D:2      | Learned a level 3 spell: Conjure Flame
  1495 | D:2      | Learned a level 3 spell: Mephitic Cloud
  1498 | D:2      | Learned a level 2 spell: Blink
  1562 | D:2      | Reached skill level 6 in Spellcasting
  1587 | D:2      | Reached XP level 4. HP: 24/24 MP: 0/14
  2831 | D:3      | Found a hazy altar of Hepliaklqana.
  3042 | D:3      | Reached XP level 5. HP: 28/28 MP: 11/16
  3207 | D:4      | Reached skill level 7 in Spellcasting
  3257 | D:3      | Killed from afar by an orc wizard

Illustrated notes

Levels and vault maps discovered:
D:1:      doesnt_arrival_eight_statues, layout_basic,
          chequers_serial_rivers_large_a, tso_metal_star
D:2:      minmay_angry_zag, layout_rooms
D:3:      layout_rooms, marbit_many_paths, first_ration, hex_large
D:4:      layout_rooms, st_stairs_13, hangedman_abyss_or_decor_stabs

Skill      XL: |  1  2  3  4  5 |
---------------+----------------+-----
Spellcasting   | 5 6 7 |  7.2
Conjurations   | 2 3 |  3.2
Dodging        | |  2.4
Stealth        | |  2.4
Summonings     | |  1.1
Translocations | |  1.1

Action                   |  1- 3 |  4- 6 || total
-------------------------+-------+-------++-------
Throw: Boomerang         |       |     6 ||     6
 Cast: Magic Dart        |    82 |   107 ||   189
       Call Imp          |       |     1 ||     1
       Mephitic Cloud    |       |     2 ||     2
       Conjure Flame     |       |     1 ||     1
  Use: Scroll            |     5 |     4 ||     9
  Eat: Chunk             |     2 |     5 ||     7
Armor: Robe              |     2 |     2 ||     4
Dodge: Dodged            |     7 |    10 ||    17
